 Dungeon Crawl Stone Soup version 0.18.1-50-g88ac8fd (webtiles) character file.

158 Kurtz the Insei (level 5, 0/41 HPs)
             Began as a Mummy Monk on June 24, 2018.
             Slain by an iguana (6 damage)
             ... on level 2 of the Dungeon.
             The game lasted 00:07:06 (8729 turns).

Kurtz the Insei (Mummy Monk)                        Turns: 8729, Time: 00:07:07

Health: 0/41       AC:  2    Str: 18    XL:     5   Next: 16%
Magic:  5/5        EV: 13    Int:  9    God:
Gold:   68         SH:  0    Dex: 15    Spells: 0 memorised, 4 levels left

rFire  x . .     SeeInvis .       - Unarmed
rCold  + + .     Gourm    .     (no armour)
rNeg   + + +     Faith    .     (no shield)
rPois  ∞         Spirit   .     g - +0 helmet
rElec  .         Dismiss  .     (no cloak)
rCorr  .         Reflect  .     e - +0 pair of gloves {Str+3}
SustAt .         Harm     .     (no boots)
MR     .....                    (no amulet)
Stlth  ++........               (no ring)
                                a - ring of protection from cold

@: not resistant to hostile enchantments, unstealthy
A: no food or potions, fire vulnerability, cold resistance 1, negative energy
resistance 3, torment resistance, unbreathing
a: no special abilities


You were on level 2 of the Dungeon.
You were not hungry.

You visited 1 branch of the dungeon, and saw 3 of its levels.

You collected 68 gold pieces.

Inventory:

Armour
 e - a +0 pair of gloves of strength (worn)
 g - a +0 helmet (worn)
Jewellery
 a - a ring of protection from cold (left hand)
Scrolls
 b - a scroll of remove curse {unknown}
 c - 3 scrolls of identify {unknown}
 d - 2 scrolls of random uselessness {unknown}
 h - a scroll of enchant armour {unknown}
 j - a scroll of amnesia {unknown}
Books
 f - a book of the Warp

   Spells                             Type                      Level
   a - Recall                         Summoning/Translocation      3
   b - Gell's Gravitas                Hexes/Translocation          3
   c - Force Lance                    Conjuration/Translocation    4
   d - Warp Weapon                    Charms/Translocation         5
   e - Summon Forest                  Summoning/Translocation      5
Comestibles
 i - 2 bread rations


   Skills:
 - Level 3.0 Fighting
 - Level 2.4 Dodging
 - Level 1.5 Stealth
 * Level 5.4 Unarmed Combat


You had 4 spell levels left.
You didn't know any spells.

Dungeon Overview and Level Annotations

Branches:
Dungeon (3/15)

Altars:

Annotations:
D:1 !Hd


Innate Abilities, Weirdness & Mutations

You do not eat or drink.
Your flesh is vulnerable to fire.
You are immune to poison.
Your flesh is cold resistant.
You are immune to negative energy.
You are immune to unholy pain and torment.
You can survive without breathing.


Message History

You hit the iguana but do no damage.
The iguana is heavily wounded.
You closely miss the iguana.
The iguana is heavily wounded.
The iguana closely misses you.
You barely miss the iguana.
The iguana is heavily wounded.
The iguana barely misses you.
You hit the iguana.
The iguana is heavily wounded.
The iguana bites you!
You hit the iguana. You punch the iguana, but do no damage.
The iguana is almost dead.
The iguana bites you!
* * * LOW HITPOINT WARNING * * *
There is a stone staircase leading down here.
You see here a stone.
You see here a spear.
The iguana bites you.
You die...

#.###.###.# ##...## ###
#.# #.# #.# ##.##
#.###.###.# #.#
#.........# #.#
#####.##### ##'## #.#
##...## #.# ##.....##
##l## ##.......##
##..@####.........###
###.......'.........'(.
#.......###.........###
#.###.#.# ##.......##
#.#.....# ##.....##
#.#.....# ##...##
#.#.....# ##'##
#.#.....# #.#
###.......# #.#


You could see an iguana.

Vanquished Creatures
  Robin (D:2)
  A gnoll (D:1)
  4 adders
  An ooze (D:1)
  2 worms (D:2)
  A dart slug (D:1)
  5 giant geckos
  8 bats
  4 giant cockroaches
  9 hobgoblins
  4 jackals (D:1)
  9 kobolds
  3 giant newts
  20 goblins
  8 rats
80 creatures vanquished.

Notes
Turn   | Place    | Note
--------------------------------------------------------------
     0 | D:1      | Kurtz the Mummy Monk began the quest for the Orb.
     0 | D:1      | Reached XP level 1. HP: 18/18 MP: 1/1
   284 | D:1      | Reached XP level 2. HP: 18/24 MP: 2/2
   999 | D:1      | Reached skill level 4 in Unarmed Combat
  1035 | D:1      | Reached XP level 3. HP: 29/29 MP: 3/3
  5070 | D:1      | Noticed a basilisk
  5631 | D:2      | Reached XP level 4. HP: 30/35 MP: 4/4
  6125 | D:2      | Noticed Robin
  6671 | D:2      | Reached skill level 5 in Unarmed Combat
  6995 | D:2      | Killed Robin
  7406 | D:2      | Reached XP level 5. HP: 38/41 MP: 5/5
  8692 | D:2      | HP: 2/41 [iguana (12)]
  8729 | D:2      | Slain by an iguana

Skill      XL: |  1  2  3  4 |
---------------+-------------+-----
Unarmed Combat | 4 5 |  5.4
Fighting       | |  3.0
Dodging        | |  2.4
Stealth        | |  1.5

Action                   |  1- 3 |  4- 6 || total
-------------------------+-------+-------++-------
Melee: Unarmed           |   123 |   181 ||   304
       Punch             |     1 |     4 ||     5
 Stab: Sleeping          |     5 |       ||     5
       Distracted        |     2 |       ||     2
Armor: Skin              |       |    10 ||    10
Dodge: Dodged            |    70 |   124 ||   194
